 Dungeon Crawl Stone Soup version 0.18.1-48-g4cf74bf (webtiles) character file.

2808 WarriorsX the Slicer (level 10, -3/79 HPs)
             Began as a Human Fighter on July 25, 2016.
             Was a Believer of Okawaru.
             Killed from afar by an electric eel (5 damage)
             ... with a bolt of electricity
             ... on level 8 of the Dungeon.
             The game lasted 00:30:23 (7975 turns).

WarriorsX the Slicer (Human Fighter)                Turns: 7975, Time: 00:30:23

Health: -3/79      AC: 15    Str: 20    XL:     10   Next: 2%
Magic:  10/10      EV:  7    Int:  8    God:    Okawaru [**....]
Gold:   467        SH: 12    Dex: 21    Spells: 0 memorised, 9 levels left

rFire  . . .     SeeInvis .     y - +8 rapier "Erihy" {pierce, rN+ Dex+3}
rCold  . . .     Gourm    .     b - +0 scale mail
rNeg   + . .     Faith    .     c - +1 shield
rPois  .         Spirit   .     (no helmet)
rElec  .         Dismiss  .     i - +2 cloak
rCorr  .         Reflect  .     (no gloves)
SustAt .         Harm     .     (no boots)
MR     .....                    B - amulet of magic regeneration
Stlth  ..........               w - +5 ring of dexterity
                                t - +5 ring of protection

@: not resistant to hostile enchantments, extremely unstealthy
A: no striking features
a: Heroism, Renounce Religion


You were on level 8 of the Dungeon.
You worshipped Okawaru.
Okawaru was pleased with you.
You were not hungry.

You visited 2 branches of the dungeon, and saw 9 of its levels.

You collected 467 gold pieces.

Inventory:

Hand Weapons
 a - a +0 war axe
 y - the +8 rapier "Erihy" (weapon) {pierce, rN+ Dex+3}
   (You found it on level 5 of the Dungeon)

   It inflicts extra damage upon your enemies.
   It affects your dexterity (+3).
   It protects you from negative energy.
Armour
 b - a +0 scale mail (worn)
 c - a +1 shield (worn)
 i - a +2 cloak (worn)
Jewellery
 t - a +5 ring of protection (left hand)
 w - a +5 ring of dexterity (right hand)
 B - an amulet of magic regeneration (around neck)
Wands
 A - a wand of flame (19/48)
Scrolls
 e - 2 scrolls of random uselessness
 h - 2 scrolls of enchant armour
 k - a scroll of enchant weapon
 l - 2 scrolls of recharging
 m - 5 scrolls of remove curse
 o - 8 scrolls of identify
 p - 3 scrolls of amnesia
 s - 2 scrolls of magic mapping
 v - 2 scrolls of teleportation
Potions
 d - a potion of might
 n - 2 potions of magic
 q - a potion of cure mutation
 r - a potion of invisibility {unknown}
 u - 7 potions of curing
 x - a potion of brilliance
Comestibles
 f - 6 bread rations
 g - 3 meat rations
 j - a slice of pizza
 z - a beef jerky


   Skills:
 - Level 7.1 Fighting
 * Level 8.2 Short Blades
 - Level 4.0 Axes
 - Level 6.0 Armour
 - Level 0.2 Stealth
 + Level 5.4 Shields


You had 9 spell levels left.
You didn't know any spells.

Dungeon Overview and Level Annotations

Branches:
Dungeon (8/15)             Temple (1/1) D:4
   Lair: D:8-11

Altars:
Ashenzari
Cheibriados
Dithmenos
Elyvilon
Fedhas
Kikubaaqudgha
Nemelex Xobeh
Okawaru
Pakellas
Ru
Sif Muna
Vehumet
Xom
Yredelemnul
The Shining One
Lugonu


Message History

The electric eel completely resists.
A jackal comes into view.
You feel better.
The jackal barks!
The electric eel shoots out a bolt of lightning at you!
The bolt of electricity hits the electric eel.
The electric eel completely resists.
The bolt of electricity hits you!
* * * LOW HITPOINT WARNING * * *
The crocodile bites you.
* * * LOW HITPOINT WARNING * * *
2 hounds and a wolf come into view.
The electric eel shoots out a bolt of lightning at you!
The bolt of electricity hits you! x2
* * * LOW HITPOINT WARNING * * *
The bolt of electricity misses the electric eel.
The wolf howls!
The electric eel shoots out a bolt of lightning at you!
The bolt of electricity hits the electric eel.
The electric eel completely resists.
The bolt of electricity hits you!
You die...

....... ##......##
........######........##
≈≈..≈≈. ...............#
≈≈≈^≈.. #.............##
≈≈≈.≈..###..............##
≈≈≈≈.....#.......(.......#
≈≈≈..≈.....#.......≈§≈≈≈.#
≈≈≈≈≈....###.#.>...≈###≈.#
≈≈≈≈≈..t.@<.........'_'..#
hh≈≈≈≈...###.......≈###§##
h≈≈≈≈≈;..#.........≈§≈≈≈#
.h≈≈≈≈≈###.##........)<##
h≈≈≈;≈≈ #. #........).#
h≈≈≈≈≈≈ # #........_##
≈.≈≈≈≈≈ #..#......##
≈≈≈≈≈≈≈ ...#########
≈≈≈≈≈.≈ ..#


You could see a crocodile and 2 electric eels.

Vanquished Creatures
  Pikel (D:6)
  Edmund (D:6)
  Duvessa (D:5)
  A wasp (D:7)
  A black bear (D:6)
  An ice beast (D:6)
  2 orc warriors
  2 phantoms
  An ogre (D:5)
  A gnoll sergeant (D:7)
  2 giant frogs
  Dowan (D:5)
  A scorpion (D:3)
  4 crimson imps
  A quasit (D:5)
  A centaur skeleton (D:6)
  A hound (D:8)
  7 orc priests
  5 orc wizards
  2 iguanas
  3 worker ants
  A hound zombie (D:7)
  A worker ant zombie (D:4)
  7 gnolls
  A howler monkey skeleton (D:7)
  15 adders
  A shadow imp (D:7)
  2 adder zombies
  6 worms
  A dart slug (D:3)
  4 giant geckos
  39 orcs
  7 ball pythons
  5 giant cockroaches
  11 goblins
  10 hobgoblins
  15 jackals
  A quokka (D:7)
  10 bats
  10 giant newts
  2 jackal zombies
  10 kobolds
  A quokka skeleton (D:4)
  10 rats
210 creatures vanquished.

Vanquished Creatures (others)
  A slave (D:6)
  The ghost of ololoev the Magician, an amateur DEFE (D:6)
2 creatures vanquished.

Grand Total: 212 creatures vanquished

Notes
Turn   | Place    | Note
--------------------------------------------------------------
     0 | D:1      | WarriorsX the Human Fighter began the quest for the Orb.
     0 | D:1      | Reached XP level 1. HP: 18/18 MP: 1/1
    91 | D:1      | Reached XP level 2. HP: 24/24 MP: 2/2
   357 | D:1      | You fall through a shaft!
   515 | D:2      | Reached XP level 3. HP: 25/30 MP: 3/3
   588 | D:2      | Found an oddly glowing altar of Pakellas.
   784 | D:2      | Reached XP level 4. HP: 19/38 MP: 4/4
  1051 | D:1      | Reached skill level 5 in Fighting
  1804 | D:2      | Reached XP level 5. HP: 44/44 MP: 5/5
  3502 | D:4      | Found a sacrificial altar of Ru.
  3517 | D:4      | Reached XP level 6. HP: 51/51 MP: 6/6
  3554 | D:4      | Noticed a phantom
  3582 | D:4      | Found an iron altar of Okawaru.
  3590 | D:4      | Killed a phantom
  3605 | D:4      | Became a worshipper of Warmaster Okawaru
  3613 | D:4      | Found a staircase to the Ecumenical Temple.
  3942 | D:3      | Reached skill level 5 in Armour
  3942 | D:3      | Reached XP level 7. HP: 39/56 MP: 7/7
  4997 | Temple   | Entered the Ecumenical Temple
  5066 | D:5      | Entered Level 5 of the Dungeon
  5066 | D:5      | Found a snail-covered altar of Cheibriados.
  5109 | D:5      | Noticed Dowan
  5110 | D:5      | Noticed Duvessa
  5389 | D:5      | Reached * piety under Okawaru
  5492 | D:5      | Got an ancient rapier
  5531 | D:5      | Killed Duvessa
  5531 | D:5      | Reached XP level 8. HP: 26/65 MP: 8/8
  5539 | D:5      | Killed Dowan
  6009 | D:5      | Identified the +8 rapier "Erihy" {pierce, rN+ Dex+3} (You found it on level 5 of the Dungeon)
  6049 | D:6      | Noticed Pikel
  6049 | D:6      | Noticed ololoev's ghost (amateur DEFE)
  6061 | D:6      | Killed Pikel
  6061 | D:6      | Reached skill level 4 in Short Blades
  6066 | D:6      | Killed ololoev's ghost
  6115 | D:6      | Reached skill level 5 in Short Blades
  6115 | D:6      | Reached XP level 9. HP: 72/72 MP: 9/9
  6244 | D:6      | Found a basalt altar of Yredelemnul.
  6248 | D:6      | Reached skill level 6 in Short Blades
  6292 | D:6      | Noticed Edmund
  6301 | D:6      | Killed Edmund
  6396 | D:6      | Reached ** piety under Okawaru
  6767 | D:7      | Found a shimmering altar of Xom.
  6840 | D:7      | Found a shadowy altar of Dithmenos.
  6866 | D:7      | Reached skill level 7 in Short Blades
  7277 | D:7      | Reached skill level 5 in Shields
  7636 | D:8      | Found a snail-covered altar of Cheibriados.
  7681 | D:7      | Reached skill level 8 in Short Blades
  7848 | D:7      | Reached XP level 10. HP: 70/79 MP: 10/10
  7874 | D:8      | Found a blossoming altar of Fedhas.
  7974 | D:8      | HP: 2/79 [electric eel/bolt of electricity (4)]
  7975 | D:8      | Killed from afar by an electric eel

Skill      XL: |  1  2  3  4  5  6  7  8  9 |
---------------+----------------------------+-----
Fighting       | 4 5 6 7 |  7.1
Axes           | 4 |  4.0
Armour         | 5 6 |  6.0
Short Blades   | 5 8 |  8.2
Shields        | 5 |  5.4
Stealth        | |  0.2

Action                   |  1- 3 |  4- 6 |  7- 9 | 10-12 || total
-------------------------+-------+-------+-------+-------++-------
Melee: War axe           |   116 |   298 |   229 |       ||   643
       Rapier            |       |       |   202 |    14 ||   216
  Use: Scroll            |     4 |       |     7 |       ||    11
       Potion            |       |       |     7 |     1 ||     8
  Eat: Chunk             |       |    10 |    14 |       ||    24
Armor: Scale mail        |    70 |   165 |   200 |    17 ||   452
Dodge: Dodged            |    47 |   108 |   117 |     5 ||   277
Block: Shield            |    79 |   197 |   210 |    20 ||   506
